 Dungeon Crawl Stone Soup version 0.28-a0-1404-g4df0f3684d (webtiles) character file.

Game seed: 4493172676882231420

42 oldriver the Digger (level 3, 0/28 HPs)
             Began as a Demigod Earth Elementalist on Jan 6, 2022.
             Slain by an adder (4 damage)
             ... on level 2 of the Dungeon.
             The game lasted 00:02:42 (1720 turns).

oldriver the Digger (Demigod Earth Elementalist)    Turns: 1720, Time: 00:02:43

Health: 0/28       AC:  2    Str:  9    XL:     3   Next: 19%
Magic:  9/9        EV: 11    Int: 21    God:
Gold:   36         SH:  3    Dex: 14    Spells: 5/6 levels left

rFire   . . .      SeeInvis .   a - +0 dagger
rCold   . . .      Faith    .   n - +0 buckler
rNeg    . . .      Spirit   .   b - +0 robe
rPois   .          Reflect  .   (no helmet)
rElec   .          Harm     .   (no cloak)
rCorr   .          Rampage  .   (no gloves)
Will    .....                   (no boots)
Stlth   ++........              (no amulet)
HPRegen 0.09/turn               (no ring)
MPRegen 0.11/turn               (no ring)

@: lethally poisoned (0 -> -10)
A: high mp 1, forlorn, divine attributes
a: no special abilities


You were on level 2 of the Dungeon.
You visited 1 branch of the dungeon, and saw 2 of its levels.

You collected 36 gold pieces.

Inventory:

Hand Weapons
 a - a +0 dagger (weapon)
Missiles
 c - 4 stones
Armour
 b - a +0 robe (worn)
 n - a +0 buckler (worn)
Scrolls
 f - 2 scrolls of teleportation {unknown}
 g - a scroll of magic mapping {unknown}
 i - a scroll of fear {unknown}
 j - a scroll of vulnerability {unknown}
 m - a scroll of noise {unknown}
Potions
 d - a potion of lignification {unknown}
 e - a potion of attraction {unknown}
 h - a potion of might {unknown}
 k - 2 potions of mutation {unknown}


   Skills:
 + Level 1.3 Fighting
 - Level 1.7 Dodging
 - Level 1.7 Stealth
 * Level 0.2 Shields
 + Level 2.3 Spellcasting
 - Level 0.8 Transmutations
 + Level 3.2 Earth Magic


You had 5 spell levels left.
You knew the following spells:

 Your Spells              Type           Power      Damage    Failure   Level
a - Sandblast             Erth           30%        2d9       5%          1

Your spell library contained the following spells:

 Spells                   Type           Power      Damage    Failure   Level
 Passwall                 Tmut/Erth      8%         N/A       13%         2
 Stone Arrow              Conj/Erth      18%        3d8       30%         3
 Petrify                  Tmut/Erth      10%        N/A       63%         4
 Animate Dead             Necr           1%         N/A       89%         4
 Haunt                    Necr/Summ      1%         N/A       100%        7
 Infestation              Necr           1%         N/A       100%        8


Dungeon Overview and Level Annotations

Branches:
Dungeon (2/15)


Innate Abilities, Weirdness & Mutations

You have an increased reservoir of magic. (+10% MP)
You shall have no god before yourself.
Your divine heritage dramatically boosts your attributes as you level up.


Message History

You hit the dart slug.
You kill the dart slug!
You feel sick. The adder bites you.
You are more poisoned.
The adder poisons you!
You miss the adder.
You feel sick. You block the adder's attack. The adder bites you.
You are more poisoned.
The adder poisons you!
You are too injured to fight recklessly!
You are too injured to fight recklessly!
You are too injured to fight recklessly!
You are too injured to fight recklessly!
You are too injured to fight recklessly!
You are too injured to fight recklessly!
You are too injured to fight recklessly!
You are too injured to fight recklessly!
You are too injured to fight recklessly!
You are too injured to fight recklessly!
You are too injured to fight recklessly!
You are too injured to fight recklessly!
You are too injured to fight recklessly!
You are too injured to fight recklessly!
You are too injured to fight recklessly!
You are too injured to fight recklessly!
You are too injured to fight recklessly!
You are too injured to fight recklessly!
You hit the adder but do no damage.
You feel very sick. The adder barely misses you.
You closely miss the adder.
You feel sick. The adder bites you.
* * * LOW HITPOINT WARNING * * *
You are lethally poisoned!
The adder poisons you!
You hit the adder.
The adder is lightly wounded.
* * * LOW HITPOINT WARNING * * *
You feel very sick. The adder bites you.
You die...

.... #....#
##>.#.#### ........#
#.# #..#.##.# #.#
#..#.##.# #.#
#..#.##.# #.#
#.@#.##.# #.#
####.S...#.######.#
#..............##.#
..........#####.##.#
.......##.## #....#
....... #.# #..###
###.### #.# #..# ...
..# #..# ## ..#
#..######


You could see an adder.

Vanquished Creatures
  5 dart slugs
  4 bats
  5 endoplasms (D:1)
  3 goblins (D:1)
  A hobgoblin (D:1)
  6 kobolds
  A quokka (D:1)
  3 ball pythons (D:1)
  A rat (D:1)
29 creatures vanquished.

Notes
Turn   | Place    | Note
-------+----------+-------------------------------------------
     0 | D:1      | oldriver the Demigod Earth Elementalist began the quest for
                  | the Orb.
     0 | D:1      | Reached XP level 1. HP: 14/14 MP: 5/5
   331 | D:1      | Reached XP level 2. HP: 22/22 MP: 4/7
   405 | D:1      | Reached skill level 3 in Earth Magic
   509 | D:1      | Reached skill level 1 in Fighting
  1272 | D:1      | Reached XP level 3. HP: 28/28 MP: 7/9
  1720 | D:2      | Slain by an adder

Illustrated notes

Levels and vault maps discovered:
D:1:      pf_arrival_petrified_forest, layout_basic,
          ebering_dispersal_statue_hall, minmay_tiny_reverse_x
D:2:      layout_loops_ring, serial_shops, nicolae_shop_hallway_plus,
          amcnicky_mini_rare_corridor_liquid, minmay_vboxes

Skill      XL: |  1  2 |
---------------+-------+-----
Spellcasting   | 2 |  2.3
Earth Magic    | 3 |  3.2
Fighting       | 1 |  1.3
Dodging        | |  1.7
Stealth        | |  1.7
Shields        | |  0.2
Transmutations | |  0.8

Action                   || total
-------------------------++-------
Melee: Unarmed           ||    14
       Dagger            ||    30
 Cast: Sandblast         ||    33
 Stab: Sleeping          ||     1
Armor: Robe              ||    11
Dodge: Dodged            ||    36
Block: Buckler           ||     1

Table legend: (Time is in decaauts)
 A = Elapsed time spent in this place.
 B = Non-inter-level travel time spent in this place.
 C = Inter-level travel time spent in this place.
 D = Time resting spent in this place.
 E = Time spent auto-exploring this place.
 F = Levels seen in this place.
 G = Mean time per level.
                   A        B        C        D        E       F      G
               +--------+--------+--------+--------+--------+-----+--------+
         Total |   1720 |   1665 |     55 |    377 |   1032 |   2 |  860.0 |
       Dungeon |   1720 |   1665 |     55 |    377 |   1032 |   2 |  860.0 |
               +--------+--------+--------+--------+--------+-----+--------+

Top non-repeatable levels by time:
     D:1: 1643 daAuts
     D:2: 76 daAuts
